 Dungeon Crawl Stone Soup version 0.31.0-9-g3a7656b989 (webtiles) character file.

Game seed: 3476251837097966930

95 qw the Shooter (level 4, 0/22 HPs)
             Began as a Spriggan Hunter on Feb 2, 2024.
             Slain by an ogre
             ... wielding a +0 giant club
              (22 damage)
             ... on level 3 of the Dungeon.
             The game lasted 00:00:05 (1570 turns).

qw the Shooter (Spriggan Hunter)                    Turns: 1570, Time: 00:00:05

Health: 0/22       AC:  2    Str:  7    XL:     4   Next: 39%
Magic:  5/5        EV: 20    Int: 10    God:
Gold:   36         SH:  0    Dex: 20    Spells: 3/3 levels left

rFire   . . .        a - +0 shortbow
rCold   . . .        (shield currently unavailable)
rNeg    . . .        c - +0 robe
rPois   .            (helmet restricted)
rElec   .            (no cloak)
rCorr   .            (gloves unavailable)
SInv    +            (boots unavailable)
Will    .....        (no amulet)
Stlth   ++           (no ring)
HPRegen 0.23/turn    (no ring)
MPRegen 0.09/turn

%: no passive effects
@: very quick
A: very small, no large weapons, unfitting armour, see invisible, speed 3
a: no special abilities


You were on level 3 of the Dungeon.
You visited 1 branch of the dungeon, and saw 3 of its levels.

You collected 36 gold pieces.


Innate Abilities, Weirdness & Mutations

You are very small and have problems with some larger weapons.
You are too small for most types of armour.
You have supernaturally acute eyesight. (SInv)
You cover ground extremely quickly. (Speed+++)


   Skills:
 - Level 1.5 Fighting
 - Level 5.0 Ranged Weapons
 + Level 4.9 Dodging
 - Level 1.5 Stealth


You had 3 spell levels left.
You didn't know any spells.
Your spell library was empty.

Inventory:

Hand Weapons
 a - a +0 shortbow (weapon)
Armour
 c - a +0 robe (worn)
Wands
 b - a wand of digging (5)
Scrolls
 e - a scroll of fog {unknown}
Potions
 d - 2 potions of attraction {unknown}
 g - a potion of ambrosia {unknown}
 i - a potion of might {unknown}
 k - a potion of haste {unknown}

Dungeon Overview and Level Annotations

Branches:
Dungeon (3/15)

Altars:
Elyvilon


Message History

e - a scroll labelled UWKUKIONAM You open the door.
There is an open door here.
You open the door.
There is an open door here.
A bat comes into view.
Enter note:
Enter note:
Enter note: You shoot an arrow.
The arrow hits the bat.
The bat is severely wounded.
You shoot an arrow. The arrow misses the bat.
The bat barely misses you.
You shoot an arrow. The arrow hits the bat.
You kill the bat!
An ogre comes into view. It is wielding a +0 giant club.
You shoot an arrow. The arrow hits the ogre.
The ogre shouts!
The ogre is lightly wounded.
You shoot an arrow. The arrow hits the ogre.
The ogre is moderately wounded.
You shoot an arrow. The arrow hits the ogre.
The ogre is moderately wounded.
The ogre closely misses you.
You shoot an arrow.
The arrow hits the ogre but does no damage.
The ogre is moderately wounded.
The ogre misses you.
You shoot an arrow. The arrow barely misses the ogre.
The ogre misses you.
You shoot an arrow. The arrow hits the ogre!
The ogre is heavily wounded.
You shoot an arrow. The arrow hits the ogre.
The ogre is heavily wounded.
The ogre closely misses you.
You shoot an arrow. The arrow hits the ogre.
The ogre is severely wounded.
The ogre hits you with a +0 giant club!!
Ouch! That really hurt!
You die...

###### ....# #...# .#...#
.##...# #############..##...##
####..........@O.##.._..## ##
###....#############...^...##
#.
...............<.##...###...##
#. ###.....#######..#...##
##...###. #.....# ....#.....##
##...... #.....# ......#..#
#.........(
##+#..#.###.#.##.####..........
..................+..........
............##.####..........


You could see an ogre.

Vanquished Creatures
  A bombardier beetle (D:3)
  An adder (D:2)
  A ribbon worm (D:2)
  4 endoplasms
  A giant cockroach (D:1)
  12 goblins
  4 hobgoblins
  6 quokkas
  4 ball pythons
  4 bats
  5 frilled lizards
  3 kobolds
  6 rats
52 creatures vanquished.

Notes
Turn   | Place    | Note
-------+----------+-------------------------------------------
     0 | D:1      | qw the Spriggan Hunter began the quest for the Orb.
     0 | D:1      | Reached XP level 1. HP: 10/10 MP: 2/2
     0 | D:1      | 0 ||| qw: Version: 0.3-a-155-g5e7d8dd
     0 | D:1      | 0 ||| qw: Game counter: 650
     0 | D:1      | 0 ||| qw: Melee chars always use a shield: true
     0 | D:1      | 0 ||| qw: God list: Okawaru
     0 | D:1      | 0 ||| qw: Allow faded altars: false
     0 | D:1      | 0 ||| qw: Do Orc after clearing Dungeon:15 true
     0 | D:1      | 0 ||| qw: Do second Lair branch before Depths: true
     0 | D:1      | 0 ||| qw: Lair rune preference: random
     0 | D:1      | 0 ||| qw: Goals: Normal
     0 | D:1      | 0 ||| PLANNING D:1-11
    20 | D:1      | Reached skill level 3 in Dodging
    92 | D:1      | Reached XP level 2. HP: 14/14 MP: 3/3
   608 | D:1      | 608 ||| READING scroll labelled VUNYTZEMNA.
   609 | D:1      | 609 ||| DROPPING scroll of butterflies.
   686 | D:2      | Reached XP level 3. HP: 18/18 MP: 4/4
   895 | D:2      | Found a white marble altar of Elyvilon.
  1287 | D:2      | 1287 ||| READING scroll labelled FAUDECO HATH.
  1290 | D:2      | 1290 ||| READING scroll labelled NAXTOR LEUFF.
  1291 | D:2      | 1291 ||| DRINKING 2 cyan potions.
  1292 | D:2      | 1292 ||| DRINKING 3 brown potions.
  1293 | D:2      | 1293 ||| DROPPING potion of brilliance.
  1294 | D:2      | 1294 ||| DROPPING 2 potions of magic.
  1338 | D:3      | Reached skill level 5 in Ranged Weapons
  1397 | D:3      | Reached XP level 4. HP: 22/22 MP: 5/5
  1438 | D:3      | Found a faded altar of an unknown god.
  1562 | D:3      | Noticed an ogre
  1570 | D:3      | Slain by an ogre

Levels and vault maps discovered:
D:1:      dpeg_arrival_arbitrary_a, layout_basic, item_on_display_a
D:2:      layout_loops_ring, basic_altar
D:3:      layout_basic, mainiacjoe_overflow_alcove_1,
          hellmonk_ecumenical_altar_crossroads

Skill      XL: |  1  2  3 |
---------------+----------+-----
Dodging        | 3 4 |  4.9
Ranged Weapons | 5 |  5.0
Fighting       | |  1.5
Stealth        | |  1.5

Action                     |  1- 3 |  4- 6 || total
---------------------------+-------+-------++-------
   Fire: Shortbow          |   120 |    19 ||   139
    Use: Scroll            |     3 |       ||     3
         Potion            |     2 |       ||     2
 Armour: Robe              |     8 |     2 ||    10
  Dodge: Dodged            |    15 |     8 ||    23

Table legend:
 A = Non-vault XP
 B = Vault XP
 C = Vault XP percentage of total XP
 D = Non-vault monster count
 E = Vault monster count
 F = Vault count percentage of total count
                 A         B        C        D         E       F
            +---------+---------+-------+---------+---------+-------
      Total |     136 |       0 |   0.0 |      52 |       0 |   0.0
            +---------+---------+-------+---------+---------+-------
        D:1 |      35 |       0 |   0.0 |      23 |       0 |   0.0
        D:2 |      46 |       0 |   0.0 |      19 |       0 |   0.0
        D:3 |      55 |       0 |   0.0 |      10 |       0 |   0.0
            +---------+---------+-------+---------+---------+-------
